 Dungeon Crawl Stone Soup version 0.15-a0-1866-g491fd59 (webtiles) character file.

151 Kenran the Ruffian (level 5, -2/32 HPs)
             Began as a Gargoyle Monk on July 4, 2014.
             Killed from afar by Natasha (9 damage)
             ... with a wand of frost
             ... on Level 4 of the Dungeon.
             The game lasted 00:07:55 (2456 turns).

Kenran the Ruffian (Gargoyle Monk)                  Turns: 2456, Time: 00:07:55

HP  -2/32        AC  7     Str 16      XL: 5   Next: 33%
MP   5/5         EV 11     Int 10      God:
Gold 131         SH  0     Dex 12      Spells:  0 memorised,  4 levels left

rFire  . . .     SeeInvis .       - Unarmed
rCold  . . .     Clarity  .     d - +0 leather armour (curse)
rNeg   + . .     rCorr    .     (no shield)
rPois  +         rRot     +     (no helmet)
rElec  +         Spirit   .     (no cloak)
SustAb .         Warding  .     (no gloves)
rMut   .         Stasis   .     (no boots)
Gourm  .                        (no amulet)
MR     .....                    (no ring)
                                (no ring)

@: not resistant to hostile enchantments, unstealthy
A: negative energy resistance 1, electricity resistance, unbreathing,
petrification resistance, rot immunity, AC +4
a: no special abilities


You were on level 4 of the Dungeon.
You were hungry.

You visited 1 branch of the dungeon, and saw 4 of its levels.

You collected 131 gold pieces.

Inventory:

Armour
 a - a +0 robe
 d - a cursed +0 leather armour (worn)
Comestibles
 b - 3 bread rations
 f - a beef jerky
 g - a royal jelly
 k - a meat ration
Scrolls
 c - 4 scrolls of identify
 e - a scroll of remove curse
Potions
 h - 3 potions of curing {unknown}
 m - a potion of might {unknown}


   Skills:
 - Level 3.2 Fighting
 - Level 2.4 Dodging
 - Level 2.1 Stealth
 + Level 6.4 Unarmed Combat


You had 4 spell levels left.
You didn't know any spells.

Dungeon Overview and Level Annotations

Branches:
Dungeon (4/15)
 Temple: D:4-7

Altars:
Kikubaaqudgha
Xom

Annotations:
D:3 PolkaDot's ghost, average HOFi
D:4 Natasha


Innate Abilities, Weirdness & Mutations

You are resistant to torment.
You are immune to poison.
Your stone body is very resilient (AC +4).
You resist negative energy.
You are resistant to electric shocks.
You can survive without breathing.
You are immune to petrification.
You are immune to rotting.


Message History

The goblin barely misses you. The goblin closely misses you.
The hobgoblin hits you with a club.
Natasha zaps a wand.
The puff of frost misses you.
The puff of frost hits the goblin.
The goblin dies!
Your leather armour prevents you from hitting Natasha.
Natasha is moderately wounded.
The goblin hits you but does no damage.
You hit Natasha.
Natasha is severely wounded.
Natasha claws you. The hobgoblin closely misses you.
The goblin hits you but does no damage.
You hit Natasha.
Natasha is severely wounded.
Natasha casts a spell at you. You resist. The hobgoblin hits you with a club.
* * * LOW HITPOINT WARNING * * *
You barely miss Natasha.
Natasha is severely wounded.
The goblin closely misses you.
Natasha zaps a wand.
The puff of frost hits you!
You die...

.## .........
...........
.............
#..............
.............#.
..............<
........gh......#
........@........
.......)g..#..#..
.....##......
.... ..##.[## ...
#.# .... . #..
..# .#. . . . . .


You could see Natasha, a hobgoblin and a goblin.

Vanquished Creatures
  An adder (D:2)
  7 gnolls
  2 worms (D:2)
  6 orcs (D:3)
  8 hobgoblins
  2 jackals (D:1)
  9 kobolds
  2 oozes
  5 bats (D:1)
  4 giant cockroaches
  2 giant newts
  2 goblins (D:1)
  2 quokkas
  6 rats
58 creatures vanquished.

Vanquished Creatures (others)
  A goblin (D:4)
1 creature vanquished.

Grand Total: 59 creatures vanquished

Notes
Turn   | Place    | Note
--------------------------------------------------------------
     0 | D:1      | Kenran, the Gargoyle Monk, began the quest for the Orb.
     0 | D:1      | Reached XP level 1. HP: 14/14 MP: 1/1
   216 | D:1      | Reached XP level 2. HP: 17/19 MP: 2/2
   557 | D:1      | Reached XP level 3. HP: 23/23 MP: 3/3
   792 | D:1      | Reached skill level 5 in Unarmed Combat
  1155 | D:2      | Found an ancient bone altar of Kikubaaqudgha.
  1701 | D:2      | Found a shimmering altar of Xom.
  1888 | D:2      | Reached XP level 4. HP: 28/28 MP: 4/4
  2038 | D:2      | Reached skill level 6 in Unarmed Combat
  2217 | D:3      | Reached XP level 5. HP: 24/32 MP: 5/5
  2406 | D:3      | Noticed PolkaDot's ghost (average HOFi)
  2442 | D:4      | Noticed Natasha
  2456 | D:4      | Killed from afar by Natasha

Action                   |  1- 3 |  4- 6 || total
-------------------------+-------+-------++-------
Melee: Unarmed           |   155 |    88 ||   243
  Use: Scroll            |     3 |       ||     3
 Stab: Sleeping          |     1 |       ||     1
